 Dungeon Crawl Stone Soup version 0.28.0-43-g3370ac3207 (webtiles) character file.

Game seed: 2975460275124032017

109 sking99 the Skirmisher (level 4, -4/37 HPs)
             Began as a Palentonga Fighter on Mar 26, 2022.
             Slain by an orc warrior
             ... wielding a +0 battleaxe
              (13 damage)
             ... on level 2 of the Dungeon.
             The game lasted 00:03:31 (2226 turns).

sking99 the Skirmisher (Palentonga Fighter)         Turns: 2226, Time: 00:03:32

Health: -4/37      AC:  8    Str: 22    XL:     4   Next: 59%
Magic:  4/4        EV:  7    Int:  8    God:
Gold:   92         SH:  4    Dex:  9    Spells: 3/3 levels left

rFire   . . .      SeeInvis +   a - +0 flail
rCold   . . .      Faith    .   c - +0 buckler
rNeg    . . .      Spirit   .   b - +0 scale mail
rPois   .          Reflect  .   (no helmet)
rElec   .          Harm     .   (no cloak)
rCorr   .          Rampage  .   i - +1 pair of gloves
Will    .....                   (no barding)
Stlth   ..........              (no amulet)
HPRegen 0.12/turn               (no ring)
MPRegen 0.09/turn               (no ring)

@: mighty
A: large, rugged brown scales 3, see invisible, deformed body, roll 1, armoured
tail
a: Rolling Charge


You were on level 2 of the Dungeon.
You visited 1 branch of the dungeon, and saw 3 of its levels.

You collected 92 gold pieces.

Inventory:

Hand Weapons
 a - a +0 flail (weapon)
Armour
 b - a +0 scale mail (worn)
 c - a +0 buckler (worn)
 i - a +1 pair of gloves (worn)
Jewellery
 f - a ring of willpower
 l - an amulet of reflection
Scrolls
 e - a scroll of brand weapon {unknown}
 j - a scroll of teleportation {unknown}
 k - a scroll of vulnerability {unknown}
 n - a scroll of amnesia {unknown}
Potions
 d - 2 potions of might
 g - a potion of attraction {unknown}
 h - a potion of flight {unknown}
 m - a potion of brilliance {unknown}


   Skills:
 + Level 3.5 Fighting
 * Level 3.4 Maces & Flails
 + Level 3.0 Armour
 + Level 2.9 Shields


You had 3 spell levels left.
You didn't know any spells.
Your spell library contained the following spells:

 Spells                   Type           Power      Damage    Failure   Level
 Conjure Flame            Conj/Fire      0%         6-21      99%         3
 Ignite Poison            Fire/Tmut/Pois 0%         N/A       99%         3
 Sticky Flame             Conj/Fire      0%         2d3       100%        4


Dungeon Overview and Level Annotations

Branches:
Dungeon (3/15)

Altars:
Xom


Innate Abilities, Weirdness & Mutations

You are completely covered in rugged brown scales. (AC +3, +7% HP)
You have supernaturally acute eyesight. (SInv)
Armour fits poorly on your strangely shaped body.
You can roll at nearby foes to attack.
You have a long armoured tail.


Message History

In your confused state, you trip and fall back down the stairs.
You feel less confused. You block the ball python's attack.
You block the orc warrior's attack.
The ball python bites you but does no damage.
You block the orc warrior's attack. The ball python closely misses you.
You climb upwards.
There is a stone staircase leading down here.
You barely miss the ball python.
The ball python bites you but does no damage.
The orc warrior hits you with a +0 battleaxe.
You hit the ball python.
The ball python is moderately wounded.
The ball python barely misses you.
The orc warrior hits you with a +0 battleaxe!
The ball python closely misses you.
You barely miss the ball python.
The ball python is moderately wounded.
You block the orc warrior's attack. The ball python closely misses you.
The orc warrior barely misses you.
You sock the ball python!
You kill the ball python!
You block the orc warrior's attack.
You see here a +0 short sword.
You feel very mighty all of a sudden.
The orc warrior hits you with a +0 battleaxe!
* * * LOW HITPOINT WARNING * * *
You hit the orc warrior.
The orc warrior is lightly wounded.
The orc warrior closely misses you.
You barely miss the orc warrior.
The orc warrior is lightly wounded.
The orc warrior closely misses you.
You hit the orc warrior.
The orc warrior is moderately wounded.
The orc warrior hits you but does no damage.
You barely miss the orc warrior.
The orc warrior is moderately wounded.
You block the orc warrior's attack.
The orc warrior hits you with a +0 battleaxe!
You die...

#..............#......#.#
#.#########.####......#.##
#.# #...........#.....###
##.#########.####............
#..........#.# #.###.._..###
##########.#.# #.#..........
#.#.# #.#.#......##
######.#o####.#.###.####
#...>).#@##.....# #.#
#.######........# #.#
#........#......# #.#
######...#......###.#
#.###......#.#.#
#.....(....#.#.# ##
######.....#.#.# #.
#.......#.## #.
#######....###...# #.


You could see an orc warrior.

Vanquished Creatures
  5 adders
  4 dart slugs
  8 ball pythons
  3 endoplasms (D:1)
  A giant cockroach (D:2)
  3 goblins (D:1)
  8 hobgoblins
  8 kobolds
  3 quokkas (D:1)
  8 bats
  2 rats
53 creatures vanquished.

Notes
Turn   | Place    | Note
-------+----------+-------------------------------------------
     0 | D:1      | sking99 the Palentonga Fighter began the quest for the Orb.
     0 | D:1      | Reached XP level 1. HP: 19/19 MP: 1/1
   119 | D:1      | Reached XP level 2. HP: 18/25 MP: 2/2
   584 | D:1      | Reached XP level 3. HP: 31/31 MP: 3/3
   674 | D:1      | Found a faded altar of an unknown god.
  1165 | D:2      | Reached XP level 4. HP: 37/37 MP: 4/4
  1190 | D:2      | Found a shimmering altar of Xom.
  2140 | D:3      | Noticed an orc warrior
  2226 | D:2      | Slain by an orc warrior

Illustrated notes

Levels and vault maps discovered:
D:1:      lightli_arrival_lavapool, layout_basic, serial_rivers,
          chequers_serial_rivers_room_a, chequers_serial_rivers_room_b,
          chequers_serial_rivers_small_3, chequers_serial_rivers_micro_d,
          chequers_serial_rivers_marsh, chequers_serial_rivers_marsh,
          shapermc_ecumenical_altar_hornbeckon
D:2:      layout_basic, basic_altar, minmay_misc_feat_rows
D:3:      layout_rooms

Skill      XL: |  1  2  3  4 |
---------------+-------------+-----
Maces & Flails | 3 |  3.4
Armour         | 3 |  3.0
Fighting       | |  3.5
Shields        | |  2.9

Action                   |  1- 3 |  4- 6 || total
-------------------------+-------+-------++-------
Melee: Flail             |    84 |    62 ||   146
       Tailslap          |     6 |     7 ||    13
 Abil: Rolling Charge    |     9 |     8 ||    17
  Use: Potion            |       |     1 ||     1
Armor: Scale mail        |    55 |    37 ||    92
Dodge: Dodged            |    25 |    30 ||    55
Block: Buckler           |    10 |    11 ||    21
